[Event "ICC tourney 1904 (10 3)"]
[Site "Internet Chess Club"]
[Date "2020.07.05"]
[Round "8"]
[White "IndianTerritory"]
[Black "chesslead"]
[Result "1-0"]
[ICCResult "Black resigns"]
[WhiteElo "1690"]
[BlackElo "1577"]
[Opening "Pirc defense"]
[ECO "B07"]
[NIC "PU.08"]
[Time "16:15:03"]
[TimeControl "600+3"]

1. e4 d6 2. d4 Nf6 3. Nc3 Nbd7 4. Be2 e5 5. f4 exd4 6. Qxd4 c6 7. Be3 d5 8.
exd5 Bc5 9. Qd3 O-O 10. dxc6 Qb6 11. cxd7 Bxe3 12. dxc8=Q Raxc8 13. Qb5 Bxg1
14. Qxb6 Bxb6 15. O-O-O Be3+ 16. Kb1 Bxf4 17. Bf3 b6 18. g3 Bh6 19. Nb5 a6
20. Nd6 Rc5 21. Rhf1 a5 22. Be2 Ne8 23. Nc4 Rc6 24. b3 Nf6 25. Bf3 Re6 26.
Rfe1 Rxe1 27. Rxe1 Rb8 28. Re5 Nd7 29. Rd5 Nf8 30. Rd6 Ne6 31. Nxb6 Be3 32.
Nc4 Bg1 33. Rd2 a4 34. Bd5 axb3 35. cxb3 Rb5 36. Bxe6 fxe6 37. Kc2 Kf8 38.
Rg2 Bd4 39. a4 Rb8 40. Rd2 e5 41. Re2 Re8 42. b4 Rc8 43. Kd3 Rd8 44. b5 Kf7
45. Ke4 Bc3 46. Kf3 g5 47. Nxe5+ Bxe5 48. Rxe5 Kf6 49. Rc5 Ra8 50. Rc4 Ke5
51. Re4+ Kf5 52. b6 Ra6 53. Rb4 Ra8 54. b7 Rb8 55. a5 g4+ 56. Kf2 h5 57. a6
Ke5 58. a7 {Black resigns} 1-0

[Event "ICC tourney 1904 (10 3)"]
[Site "Internet Chess Club"]
[Date "2020.07.05"]
[Round "8"]
[White "Lock5"]
[Black "harrislencz"]
[Result "1-0"]
[ICCResult "Black forfeits on time"]
[WhiteElo "1431"]
[BlackElo "1422"]
[Opening "Sicilian: Pelikan, Chelyabinsk variation"]
[ECO "B33"]
[NIC "SI.37"]
[Time "16:15:02"]
[TimeControl "600+3"]

1. e4 c5 2. Nf3 Nc6 3. d4 cxd4 4. Nxd4 Nf6 5. Nc3 e5 6. Ndb5 d6 7. Bg5 a6 8.
Na3 b5 9. Nd5 Be7 10. Bxf6 Bxf6 11. c3 O-O 12. Be2 Bg5 13. Nc2 Rb8 14. O-O
f5 15. exf5 Bxf5 16. Ncb4 Nxb4 17. Nxb4 a5 18. Nc6 Qb6 19. Nxb8 Rxb8 20.
Qd5+ Kh8 21. a4 b4 22. cxb4 Qxb4 23. Bb5 Be4 24. Qe6 Bb7 25. Rad1 Qe4 26. f3
Be3+ 27. Kh1 Qh4 28. Qxd6 Rc8 29. g3 Qg5 30. h4 Qf6 31. Qxf6 gxf6 32. Rd7
Ba8 33. b3 Bd4 34. Bc4 Bc6 35. Rd6 Kg7 36. Kh2 Rc7 37. f4 Ba8 38. Rd1 Bc6
39. Bd5 Be8 40. Bc4 Bc6 41. fxe5 Bxe5 42. Rd8 Re7 43. Bb5
{Black forfeits on time}
1-0

[Event "ICC tourney 1904 (10 3)"]
[Site "Internet Chess Club"]
[Date "2020.07.05"]
[Round "8"]
[White "xiaow"]
[Black "Priccchess"]
[Result "0-1"]
[ICCResult "White resigns"]
[WhiteElo "1388"]
[BlackElo "1490"]
[Opening "Philidor's defense"]
[ECO "C41"]
[NIC "KP.10"]
[Time "16:15:33"]
[TimeControl "600+3"]

1. e4 e5 2. Nf3 d6 3. h3 Nf6 4. Nc3 Be7 5. Bc4 a6 6. a3 Nc6 7. d3 h6 8. O-O
O-O 9. Ba2 Be6 10. Be3 Bxa2 11. Nxa2 d5 12. exd5 Nxd5 13. Bd2 f5 14. Qe2 Bf6
15. Nc3 Re8 16. Nxd5 Qxd5 17. Bc3 Rad8 18. Rfe1 e4 19. dxe4 Rxe4 20. Qf1
Bxc3 21. bxc3 Rde8 22. Rxe4 fxe4 23. Nh2 Qc5 24. Qe1 e3 25. Ng4 exf2+ 26.
Qxf2 Qxc3 27. Rf1 Qd4 28. c3 Qxf2+ 29. Kxf2 Rf8+ 30. Ke2 Rxf1 31. Kxf1 Kf7
32. Ke2 h5 33. Ne3 Ne5 34. Nd5 c6 35. Nf4 g6 36. a4 b5 37. axb5 cxb5 38. Nd5
a5 39. Nc7 b4 40. cxb4 axb4 41. Nd5 Nc6 42. Kd2 Ke6 43. Nf4+ Kf5 44. Nd3 h4
45. Nc5 Kf4 46. Ke2 Nd4+ 47. Kd3 Kg3 48. Kxd4 Kxg2 49. Ke4 Kxh3 50. Kf4 Kg2
51. Nd3 b3 52. Kg4 h3 53. Ne1+ Kf1 {White resigns} 0-1

[Event "ICC tourney 1904 (10 3)"]
[Site "Internet Chess Club"]
[Date "2020.07.05"]
[Round "8"]
[White "StevChess01"]
[Black "hackerguru"]
[Result "0-1"]
[ICCResult "White forfeits on time"]
[WhiteElo "1363"]
[BlackElo "1464"]
[Opening "Nimzo-Indian: Kmoch variation"]
[ECO "E20"]
[NIC "NI.30"]
[Time "16:14:57"]
[TimeControl "600+3"]

1. d4 Nf6 2. c4 e6 3. Nc3 Bb4 4. f3 d5 5. a3 Be7 6. e4 dxe4 7. fxe4 c5 8. e5
Nfd7 9. Nf3 cxd4 10. Qxd4 Nc6 11. Qe4 Nc5 12. Qg4 Bf8 13. Bg5 f6 14. exf6
gxf6 15. Qh5+ Ke7 16. Be3 Nd7 17. Rd1 Qe8 18. Qb5 a6 19. Qb3 Bg7 20. Be2 b6
21. Kf2 Rf8 22. Ne4 f5 23. Nd6 Qd8 24. a4 f4 25. Nxc8+ Rxc8 26. Qa3+ Ke8 27.
Bc1 Qe7 28. Qd3 e5 29. Qxh7 e4 30. Qh5+ Kd8 31. Ng5 e3+ 32. Kf1 Kc7 33. h4
Nde5 34. Bd3 Nxd3 35. Rxd3 Nb4 36. Rb3 Rce8 37. Qe2 Nc6 38. Nf3 Qe4 39. Kg1
Nd4 40. Nxd4 Bxd4 41. Kh2 f3 42. gxf3 Qxh4+ 43. Kg2 Rg8+
{White forfeits on time}
0-1

[Event "ICC tourney 1904 (10 3)"]
[Site "Internet Chess Club"]
[Date "2020.07.05"]
[Round "8"]
[White "SamLightning"]
[Black "oxdidi"]
[Result "1/2-1/2"]
[ICCResult "Game drawn by repetition"]
[WhiteElo "1206"]
[BlackElo "1107"]
[Opening "Trompowsky attack (Ruth, Opocensk? opening)"]
[ECO "A45"]
[NIC "QP.07"]
[Time "16:15:12"]
[TimeControl "600+3"]

1. d4 Nf6 2. Bg5 g6 3. Bxf6 exf6 4. e3 Bg7 5. Ne2 O-O 6. Nf4 f5 7. h4 Nc6 8.
h5 Ne7 9. Qf3 c5 10. Qh3 h6 11. Bc4 d5 12. Be2 cxd4 13. exd4 Qc7 14. Qg3 Qb6
15. hxg6 fxg6 16. Nc3 Qxb2 17. O-O g5 18. Nfxd5 Nxd5 19. Nxd5 Qxd4 20. Rfd1
Qc5 21. Rac1 Be6 22. Qb3 Bd4 23. c4 Bxf2+ 24. Kf1 Bg1 25. Qf3 Be3 26. Qxe3
Qxe3 27. Nxe3 f4 28. Nd5 Bxd5 29. Rxd5 f3 30. gxf3 g4 31. Kf2 gxf3 32. Rg1+
Kh8 33. Bxf3 Rf7 34. Rh5 Kh7 35. Rgh1 Rf6 36. R1h3 Raf8 37. Kg2 Rg8+ 38. Kh2
Rgg6 39. Be4 Rf2+ 40. Kh1 Rf1+ 41. Kh2 Rf2+ 42. Kh1 Rf1+ 43. Kh2 Rf2+ 44.
Kh1 Rf1+ 45. Kh2 Rf2+ 46. Kh1 Rf1+ 47. Kh2 Rf2+ 48. Kh1 Rf1+ 49. Kh2 Rf2+
50. Kh1 Rf1+ 51. Kh2 Rf2+ 52. Kh1 {Game drawn by repetition} 1/2-1/2

[Event "ICC tourney 1904 (10 3)"]
[Site "Internet Chess Club"]
[Date "2020.07.05"]
[Round "8"]
[White "NonnaThat"]
[Black "mdbgaccp"]
[Result "1-0"]
[ICCResult "Black resigns"]
[WhiteElo "1819"]
[BlackElo "1568"]
[Opening "Alekhine's defense: four pawns attack, fianchetto variation"]
[ECO "B03"]
[NIC "AL.07"]
[Time "16:15:28"]
[TimeControl "600+3"]

1. e4 Nf6 2. e5 Nd5 3. d4 d6 4. c4 Nb6 5. f4 g6 6. Nf3 Bg7 7. Nc3 dxe5 8.
fxe5 O-O 9. Be2 Nc6 10. O-O Bg4 11. Be3 Qd7 12. Qd2 Rad8 13. Rad1 Qc8 14.
Qe1 Nb4 15. Rd2 f6 16. Qh4 Bxf3 17. Rxf3 fxe5 18. Rh3 h5 19. Rg3 Qf5 20. Rf3
Qd7 21. Rxf8+ Rxf8 22. dxe5 Qf5 23. c5 N6d5 24. Nxd5 Nxd5 25. Rxd5 Bxe5 26.
Qh3 Bxh2+ 27. Qxh2 Qxd5 28. Qxc7 Qxa2 29. Qg3 Qe6 30. Bxh5 Kg7 31. Bd4+ Kh7
32. Bg4 Qc4 33. Qh3+ Kg8 34. Be6+ {Black resigns} 1-0

[Event "ICC tourney 1904 (10 3)"]
[Site "Internet Chess Club"]
[Date "2020.07.05"]
[Round "8"]
[White "steinutz"]
[Black "Chessplayer44"]
[Result "0-1"]
[ICCResult "White checkmated"]
[WhiteElo "1562"]
[BlackElo "1542"]
[Opening "Queen's pawn"]
[ECO "A40"]
[NIC "QO.17"]
[Time "16:15:27"]
[TimeControl "600+3"]

1. d4 e6 2. Bf4 f5 3. Nd2 Nf6 4. Ngf3 g6 5. e3 Bg7 6. Nc4 O-O 7. Nce5 d6 8.
Nd3 Nc6 9. Be2 Qe7 10. Bg5 Bd7 11. Nf4 Qf7 12. Bxf6 Bxf6 13. Nd2 Rae8 14.
O-O Kh8 15. a3 Ne7 16. c4 e5 17. dxe5 dxe5 18. Nh3 e4 19. Rb1 Nc6 20. Qc2
Qg7 21. Kh1 Ne5 22. Nf4 c6 23. c5 Re7 24. Rfd1 Be8 25. b4 Qh6 26. Nf1 g5 27.
Nh3 Bf7 28. Rd2 Bg6 29. Rbd1 f4 30. Rd8 f3 31. Rxf8+ Qxf8 32. gxf3 exf3 33.
Bd3 Bxd3 34. Rxd3 Nxd3 35. Qxd3 Qe8 36. Qf5 Qg6 37. Qxf3 g4 38. Qf4 gxh3 39.
Qb8+ Qg8 40. Qg3 Rg7 41. Nd2 Rxg3 42. fxg3 Qd5+ 43. e4 Qxd2 44. Kg1 Qg2#
{White checkmated}
0-1

[Event "ICC tourney 1904 (10 3)"]
[Site "Internet Chess Club"]
[Date "2020.07.05"]
[Round "8"]
[White "Grinch81"]
[Black "kaleblancman"]
[Result "1/2-1/2"]
[ICCResult "Game drawn by repetition"]
[WhiteElo "1275"]
[BlackElo "1735"]
[Opening "QGD Slav: Wiesbaden variation"]
[ECO "D17"]
[NIC "SL.04"]
[Time "16:14:59"]
[TimeControl "600+3"]

1. d4 d5 2. Nf3 Nf6 3. c4 c6 4. Nc3 dxc4 5. a4 Bf5 6. Ne5 e6 7. f3 Bb4 8.
Nxc4 O-O 9. e4 Nxe4 10. fxe4 Qh4+ 11. Kd2 Qxe4 12. Be2 Qxd4+ 13. Ke1 Bxc3+
14. bxc3 Qxc3+ 15. Bd2 Qf6 16. Nd6 Rd8 17. Nxb7 Rd7 18. Nc5 Rd5 19. Qc1 h6
20. Ra3 Nd7 21. Nxd7 Rxd7 22. Qxc6 Rad8 23. Ba5 Qb2 24. Rc3 Rd6 25. Qf3 Rd2
26. Bxd8 Rxe2+ 27. Qxe2 Qxc3+ 28. Qd2 Qa1+ 29. Qd1 Qe5+ 30. Kf2 Qf4+ 31. Ke1
Qe5+ 32. Qe2 Qa1+ 33. Qd1 Qe5+ 34. Qe2 Qa1+ 35. Qd1 Qe5+ 36. Qe2 Qa1+ 37.
Qd1 Qe5+ 38. Qe2 Qa1+ {Game drawn by repetition} 1/2-1/2

[Event "ICC tourney 1904 (10 3)"]
[Site "Internet Chess Club"]
[Date "2020.07.05"]
[Round "8"]
[White "JensenUVA"]
[Black "ullchen"]
[Result "1-0"]
[ICCResult "Black forfeits on time"]
[WhiteElo "1464"]
[BlackElo "1421"]
[Opening "Caro-Kann: Forg?cs variation"]
[ECO "B15"]
[NIC "CK.06"]
[Time "16:15:07"]
[TimeControl "600+3"]

1. e4 c6 2. d4 d5 3. Nc3 dxe4 4. Nxe4 Nf6 5. Nxf6+ exf6 6. Bc4 Bd6 7. Qe2+
Qe7 8. Qxe7+ Bxe7 9. Ne2 c5 10. dxc5 Bxc5 11. O-O O-O 12. a3 Bf5 13. b4 Bd6
14. Bb3 Be5 15. Ra2 Nc6 16. Be3 Rad8 17. c4 Be6 18. Rc1 g5 19. Rac2 b5 20.
cxb5 Nxb4 21. axb4 Bxb3 22. Rd2 Rxd2 23. Bxd2 Rb8 24. f4 Bd6 25. Rc6 Be7 26.
Nd4 Ba4 27. Rc7 Bd6 28. Rxa7 Bxb5 29. Nxb5 Rxb5 30. fxg5 Bxb4 31. Bxb4 Rxb4
32. gxf6 h5 33. Ra5 Rf4 34. Rxh5 Rxf6 35. g4 Rg6 36. h3 f5 37. Rxf5 Rb6 38.
Kg2 Rb3 39. Rf3 Rb2+ 40. Kg3 Rb4 41. h4 Kg7 42. h5 Kh6 43. Rf5 Rb3+ 44. Kh4
Rb4 45. Rf6+ Kg7 46. Rg6+ Kh7 47. Kg5 Rb5+ 48. Kf4 Rb4+ 49. Ke5 Rb5+ 50. Kd4
Rb4+ 51. Kc5 Rb2 52. Rd6 Rg2 53. Rd4 Kh6 54. Kd6 Rg1 55. Ke5 Rf1 56. Rd6+
Kh7 57. g5 {Black forfeits on time} 1-0

[Event "ICC tourney 1904 (10 3)"]
[Site "Internet Chess Club"]
[Date "2020.07.05"]
[Round "8"]
[White "MIEMBR"]
[Black "capetarget"]
[Result "0-1"]
[ICCResult "White forfeits on time"]
[WhiteElo "1550"]
[BlackElo "1527"]
[Opening "Neo-Gr?nfeld, 6.O-O"]
[ECO "D77"]
[NIC "GI.02"]
[Time "16:15:32"]
[TimeControl "600+3"]

1. d4 Nf6 2. Nf3 g6 3. g3 Bg7 4. Bg2 d5 5. O-O O-O 6. c4 e6 7. Qc2 Nc6 8. a3
Ne4 9. e3 a5 10. Nbd2 Nf6 11. b3 h6 12. Bb2 Kh7 13. e4 dxe4 14. Nxe4 Nxe4
15. Qxe4 f5 16. Qe3 Qe7 17. Rfd1 Rd8 18. Qe2 Bf6 19. Ne5 Nxe5 20. dxe5 Rxd1+
21. Rxd1 Bg7 22. Kh1 Rb8 23. Qd2 Qc5 24. Qd4 Qxd4 25. Bxd4 b6 26. Bc3 Ba6
27. Rd7 a4 28. bxa4 Bxc4 29. Rxc7 Bb3 30. Bc6 Kg8 31. Bb4 Bxe5 32. Rb7 Rxb7
33. Bxb7 Bxa4 34. f4 Bd4 35. Kg2 Kf7 36. Kf3 Bd1+ 37. Kg2 Kf6 38. Bf8 h5 39.
Bb4 Bc2 40. Kf1 Bd3+ 41. Kg2 Be4+ 42. Bxe4 fxe4 43. g4 hxg4 44. Kg3 Kf5 45.
a4 Be3 46. Bd6 g5 47. fxg5 Kxg5 48. Kg2 Bd4 49. Bc7 e3 50. Kf1 Kh4 51. Bg3+
Kg5 52. Ke2 Kf5 53. Kd3 Bc5 54. Bc7 e5 55. Bb8 Kf4 56. Ke2 Bd4 57. Bc7 Kg5
58. Bd6 Kh4 59. Bb4 Kh3 60. a5 bxa5 61. Bxa5 Kxh2 62. Bc7 g3
{White forfeits on time}
0-1

[Event "ICC tourney 1904 (10 3)"]
[Site "Internet Chess Club"]
[Date "2020.07.05"]
[Round "8"]
[White "Adhvaith0406"]
[Black "pipandchuk"]
[Result "1-0"]
[ICCResult "Black checkmated"]
[WhiteElo "1410"]
[BlackElo "1348"]
[Opening "Queen's pawn: London system"]
[ECO "A45"]
[NIC "QP.07"]
[Time "16:15:18"]
[TimeControl "600+3"]

1. d4 Nf6 2. Bf4 e6 3. e3 c5 4. Nf3 cxd4 5. exd4 d5 6. c3 Bd6 7. Bxd6 Qxd6
8. Bd3 Nc6 9. O-O O-O 10. Re1 Re8 11. Ne5 Nxe5 12. dxe5 Qf8 13. exf6 gxf6
14. Re3 e5 15. Rg3+ Kh8 16. Qf3 Qh6 17. Na3 e4 18. Qe3 Qxe3 19. Rxe3 f5 20.
Bc2 f4 21. Ree1 Rg8 22. Rad1 Bh3 23. g3 Rad8 24. c4 e3 25. Rxd5 Rxd5 26.
cxd5 h5 27. fxe3 fxg3 28. hxg3 Rxg3+ 29. Kh2 h4 30. d6 Bd7 31. Rf1 Rh3+ 32.
Kg2 Rg3+ 33. Kf2 Bc6 34. Bf5 Rg2+ 35. Ke1 Rxb2 36. Rf2 Rb4 37. d7 Bxd7 38.
Bxd7 Kg7 39. Nc2 Rb1+ 40. Ke2 Rb2 41. Kd2 Rxa2 42. Rf4 Ra6 43. Rxh4 Rd6+ 44.
Rd4 Rh6 45. Bb5 a6 46. Bd3 b5 47. Kc3 Rc6+ 48. Kb3 Kf6 49. e4 Ke5 50. Rd5+
Kf4 51. Rf5+ Kg4 52. Rxf7 Re6 53. Rf1 a5 54. Re1 b4 55. e5 Kf4 56. Bc4 Rxe5
57. Rxe5 Kxe5 58. Ka4 Kd6 59. Kxa5 Kc5 60. Bb3 Kd6 61. Kxb4 Ke5 62. Kc3 Ke4
63. Nd4 Ke5 64. Kd3 Kf4 65. Ne2+ Ke5 66. Ke3 Kf5 67. Nd4+ Ke5 68. Nb5 Kf5
69. Bd5 Ke5 70. Be4 Ke6 71. Kf4 Kf6 72. Nc7 Ke7 73. Ke5 Kd7 74. Nb5 Ke7 75.
Bf5 Kd8 76. Ke6 Ke8 77. Nc7+ Kd8 78. Nd5 Ke8 79. Kf6 Kd8 80. Ke6 Ke8 81.
Nc7+ Kd8 82. Nb5 Ke8 83. Nd4 Kd8 84. Nc6+ Ke8 85. Bg6+ Kf8 86. Kf6 Kg8 87.
Ne5 Kf8 88. Nf7 Ke8 89. Bf5 Kf8 90. Bh7 Ke8 91. Ne5 Kd8 92. Ke6 Kc7 93. Nd7
Kc6 94. Bd3 Kc7 95. Bb5 Kd8 96. Kd6 Ke8 97. Bc4 Kd8 98. Bf7 Kc8 99. Nc5 Kd8
100. Nb7+ Kc8 101. Kc6 Kb8 102. Kb6 Kc8 103. Be6+ Kb8 104. Nc5 Ka8 105. Bh3
Kb8 106. Na6+ Ka8 107. Bg2# {Black checkmated} 1-0

[Event "ICC tourney 1904 (10 3)"]
[Site "Internet Chess Club"]
[Date "2020.07.05"]
[Round "8"]
[White "NSXchessplayer"]
[Black "PhaseShift"]
[Result "1-0"]
[ICCResult "Black resigns"]
[WhiteElo "1425"]
[BlackElo "1497"]
[Opening "Sicilian defense"]
[ECO "B20"]
[NIC "SI.48"]
[Time "16:15:22"]
[TimeControl "600+3"]

1. e4 c5 2. d3 Nc6 3. g3 g6 4. Bg2 Bg7 5. Ne2 d6 6. O-O e6 7. c3 Nge7 8. f4
O-O 9. Be3 Rb8 10. Nd2 b5 11. a3 a5 12. d4 cxd4 13. cxd4 d5 14. e5 b4 15.
axb4 axb4 16. Nb3 Qb6 17. Qd2 Ba6 18. g4 Bc4 19. Nc5 Rfd8 20. b3 Bb5 21.
Rfc1 Ra8 22. Bf1 Ra7 23. Rxa7 Qxa7 24. Qb2 Ra8 25. Rb1 Kf8 26. g5 Ke8 27.
Ng3 Bxf1 28. Kxf1 Qa2 29. Ke2 Bf8 30. Nd3 h5 31. h4 Nf5 32. Nxf5 gxf5 33.
Kd2 Kd7 34. Qxa2 Rxa2+ 35. Rb2 Ra1 36. Bf2 Na5 37. Nc1 Be7 38. Kc2 Bd8 39.
Rb1 Rxb1 40. Kxb1 Bb6 41. Kc2 Nc6 42. Ne2 Ke7 43. Kd3 Kf8 44. Ng3 Kg7 45.
Nxh5+ Kg6 46. Ng3 Na5 47. h5+ Kg7 48. Kc2 Nc6 49. Ne2 Kh7 50. Kd3 Kg7 51.
Be1 Na5 52. Bxb4 Nxb3 53. Kc3 Na5 54. Bxa5 Bxa5+ 55. Kb3 Bd2 56. Kc2 Ba5 57.
Kd3 Bd8 58. Ke3 Be7 59. Kf3 Bd8 60. Kg3 Bb6 61. Kh4 Ba5 62. Ng3 Be1 63. Kh3
Bd2 64. Ne2 Ba5 65. h6+ Kg6 66. Kg2 Bb6 67. Kf3 Ba7 68. Ke3 Bb6 69. Kd3 Bd8
70. Kc3 Ba5+ 71. Kb3 Bd8 72. Kb4 Be7+ 73. Kb5 Ba3 74. Kc6 Bb4 75. Kd7 Ba3
76. Ke8 Bb2 77. h7 Kxh7 78. Kxf7 Ba3 79. g6+ {Black resigns} 1-0

[Event "ICC tourney 1904 (10 3)"]
[Site "Internet Chess Club"]
[Date "2020.07.05"]
[Round "8"]
[White "DEEEFENDER"]
[Black "spaceegg"]
[Result "1-0"]
[ICCResult "Black checkmated"]
[WhiteElo "1151"]
[BlackElo "1151"]
[Opening "Philidor's defense"]
[ECO "C41"]
[NIC "KP.08"]
[Time "16:15:47"]
[TimeControl "600+3"]

1. e4 e5 2. Nf3 d6 3. d4 Bg4 4. Be2 Bxf3 5. Bxf3 exd4 6. Qxd4 Nc6 7. Qd1 Nf6
8. O-O Ne5 9. Nc3 c6 10. Be2 h6 11. Be3 Be7 12. h3 g5 13. f4 Ng6 14. fxg5
Nh7 15. gxh6 Rg8 16. Bc4 Ne5 17. Bb3 Qd7 18. Qh5 Nf6 19. Qf5 Qxf5 20. Rxf5
Nfg4 21. hxg4 Rxg4 22. Raf1 O-O-O 23. Bxa7 Rdg8 24. R5f2 Bh4 25. Re2 Rh8 26.
Bxf7 Rxh6 27. Nd1 Bg5 28. Ne3 Rxe4 29. Bb3 Reh4 30. Rf8+ Kc7 31. Bb8+ Kb6
32. a4 Bxe3+ 33. Rxe3 Ng4 34. a5+ Kb5 35. Rf5+ Ka6 36. Bc4+ b5 37. Rh3 Rxh3
38. Bxb5+ cxb5 39. gxh3 Rxh3 40. b4 Ne3 41. Rf7 Rg3+ 42. Kf2 Rg8 43. Ra7#
{Black checkmated}
1-0

[Event "ICC tourney 1904 (10 3)"]
[Site "Internet Chess Club"]
[Date "2020.07.05"]
[Round "8"]
[White "krishghosh"]
[Black "imranchamp"]
[Result "1-0"]
[ICCResult "Black checkmated"]
[WhiteElo "1201"]
[BlackElo "1220"]
[Opening "King's Indian: London system"]
[ECO "A48"]
[NIC "QP.03"]
[Time "16:15:12"]
[TimeControl "600+3"]

1. d4 Nf6 2. Nf3 g6 3. Bf4 Bg7 4. Nbd2 O-O 5. e3 c5 6. c3 cxd4 7. cxd4 d6 8.
h3 Re8 9. Rc1 b6 10. Be2 Bb7 11. O-O Nbd7 12. Qb3 e5 13. dxe5 dxe5 14. Bh2
Qe7 15. Rc7 Bd5 16. Bc4 Rac8 17. Rxc8 Rxc8 18. Bxd5 Nc5 19. Bxf7+ Qxf7 20.
Qxf7+ Kxf7 21. Nxe5+ Ke7 22. Ndf3 Nd5 23. Rd1 Na4 24. Bg3 Nf6 25. b3 Nc3 26.
Rd2 Nce4 27. Rd4 Nxg3 28. fxg3 Bh6 29. Rc4 Bxe3+ 30. Kf1 Rxc4 31. Nxc4 Bc5
32. Nfd2 Nd5 33. Ne4 Bd4 34. Ke2 Nb4 35. a3 Nc6 36. Ng5 h6 37. Nf3 Ke6 38.
Kd3 Bf2 39. g4 Kd5 40. Nfd2 Bh4 41. Nf1 Be7 42. Nfe3+ Ke6 43. b4 Bf6 44. Ke4
b5 45. Na5 Nxa5 46. bxa5 Be7 47. Nc2 a6 48. Nd4+ Kd7 49. Nc2 Bd8 50. Ke5 Be7
51. Kd5 Bf6 52. Nd4 Bd8 53. Ke5 Bxa5 54. Nc2 Bc3+ 55. Kd5 Bf6 56. Nb4 a5 57.
Nc6 a4 58. Nd4 Be7 59. Nxb5 Kc8 60. Nd6+ Kc7 61. Nc4 Kb7 62. Ke6 Bd8 63. Kf7
h5 64. Kxg6 hxg4 65. hxg4 Kc6 66. Kf5 Kc5 67. Ne5 Kb5 68. g5 Be7 69. g6 Bxa3
70. g7 Bd6 71. g8=Q Bxe5 72. Kxe5 a3 73. Qa2 Kb4 74. g4 Kc3 75. Qxa3+ Kc2
76. g5 Kb1 77. Qc3 Ka2 78. Qb4 Ka1 79. Kd4 Ka2 80. Kc3 Ka1 81. Qb2#
{Black checkmated}
1-0

[Event "ICC tourney 1904 (10 3)"]
[Site "Internet Chess Club"]
[Date "2020.07.05"]
[Round "8"]
[White "messyblaster"]
[Black "PearsonH"]
[Result "1/2-1/2"]
[ICCResult "Game drawn by repetition"]
[WhiteElo "1351"]
[BlackElo "1372"]
[Opening "QGD: Orthodox defense, Botvinnik variation"]
[ECO "D60"]
[NIC "QO.12"]
[Time "16:15:21"]
[TimeControl "600+3"]

1. d4 e6 2. c4 d5 3. Nc3 Nf6 4. Bg5 Be7 5. e3 O-O 6. Nf3 Nbd7 7. Bd3 dxc4 8.
Bxc4 a6 9. O-O b5 10. Bd3 Bb7 11. Rc1 h6 12. Bxf6 Nxf6 13. Re1 c5 14. Ne2
Bxf3 15. gxf3 cxd4 16. Nxd4 Rc8 17. Nc6 Qd7 18. Nxe7+ Qxe7 19. Qb3 Nd5 20.
Be4 Nf6 21. Bb1 Qb7 22. Kg2 Rfd8 23. Red1 Rxd1 24. Rxd1 Qe7 25. a3 Nd7 26.
Qd3 Nf6 27. e4 Nh5 28. Qe3 Qf6 29. e5 Qg5+ 30. Qxg5 hxg5 31. Kh3 Nf4+ 32.
Kg4 f6 33. exf6 gxf6 34. h4 Rc5 35. hxg5 fxg5 36. Rd8+ Kg7 37. Rd7+ Kf6 38.
Rd1 Rc8 39. Rh1 Rc5 40. Rh6+ Kg7 41. Rh7+ Kf6 42. Rh6+ Kg7 43. Rh7+ Kf6 44.
Rh6+ Kg7 45. Rh7+ {Game drawn by repetition} 1/2-1/2

[Event "ICC tourney 1904 (10 3)"]
[Site "Internet Chess Club"]
[Date "2020.07.05"]
[Round "8"]
[White "saisneha"]
[Black "babu12020"]
[Result "1/2-1/2"]
[ICCResult "Game drawn by repetition"]
[WhiteElo "1440"]
[BlackElo "1392"]
[Opening "King's Indian: 5.Nf3"]
[ECO "E90"]
[NIC "KI.22"]
[Time "16:15:48"]
[TimeControl "600+3"]

1. d4 Nf6 2. c4 g6 3. Nc3 Bg7 4. e4 d6 5. Nf3 Nbd7 6. Bd3 O-O 7. Be3 e5 8.
d5 Ne8 9. O-O f5 10. Qc2 f4 11. Bd2 g5 12. h3 h6 13. g3 Ndf6 14. Kh2 g4 15.
Ng1 gxh3 16. Nxh3 Bxh3 17. Kxh3 Qd7+ 18. Kg2 Nh5 19. Be2 Nef6 20. Qd1 Qf7
21. g4 Qg6 22. Kh3 f3 23. Bxf3 Nf4+ 24. Bxf4 exf4 25. Rh1 Rae8 26. Qe2 Nh7
27. Kg2 Ng5 28. Rae1 Re5 29. Kf1 Rfe8 30. Bg2 a6 31. f3 R5e7 32. Qc2 Bd4 33.
Ne2 Be3 34. Qc3 Nf7 35. Nd4 Bxd4 36. Qxd4 Ne5 37. b3 Rg7 38. Qd2 Rf8 39. Re2
Qf6 40. Qc3 b5 41. Rh5 bxc4 42. Rf5 Qe7 43. Rxf8+ Qxf8 44. bxc4 Qf6 45. Qb2
Kh7 46. Qc3 Qg5 47. Rc2 h5 48. gxh5 Qxh5 49. Rf2 Rg3 50. c5 Qg6 51. cxd6
Qxd6 52. Qc1 Nd3 53. Qc2 Nxf2 54. Kxf2 Kg7 55. Qc3+ Kf7 56. Qc2 Qb6+ 57. Kf1
Ke7 58. e5 Rg7 59. Qc3 Kd8 60. e6 Re7 61. Qh8+ Re8 62. Qf6+ Kc8 63. Bh3 Qb5+
64. Kf2 Qc5+ 65. Kf1 Qc1+ 66. Kf2 Qd2+ 67. Kf1 Qd1+ 68. Kf2 Qd2+ 69. Kf1
Qd1+ 70. Kf2 Qd2+ 71. Kf1 Qd1+ 72. Kf2 Qd2+ 73. Kf1 Qd1+ 74. Kf2 Qd2+
{Game drawn by repetition}
1/2-1/2

[Event "ICC tourney 1904 (10 3)"]
[Site "Internet Chess Club"]
[Date "2020.07.05"]
[Round "8"]
[White "Zwish"]
[Black "shamith"]
[Result "1/2-1/2"]
[ICCResult "Game drawn by mutual agreement"]
[WhiteElo "1148"]
[BlackElo "1375"]
[Opening "Anderssen's opening"]
[ECO "A00"]
[NIC "VO.14"]
[Time "16:15:43"]
[TimeControl "600+3"]

1. a3 e5 2. c4 Nf6 3. e3 d5 4. cxd5 Nxd5 5. Qc2 Nc6 6. d3 Be6 7. Nf3 f6 8.
Be2 Qd7 9. Nbd2 Be7 10. O-O g5 11. Ne4 O-O-O 12. b4 g4 13. Nfd2 h5 14. b5
Na5 15. Nc4 Nxc4 16. dxc4 Nb6 17. c5 Nd5 18. c6 Qe8 19. Qa4 Kb8 20. b6 cxb6
21. Bb5 Nc7 22. Nc3 a6 23. cxb7 axb5 24. Qe4 f5 25. Qxe5 Bd6 26. Qg7 h4 27.
a4 Rd7 28. Qf6 g3 29. Nxb5 Nxb5 30. axb5 gxh2+ 31. Kh1 h3 32. Ra8+ Kxb7 33.
Rxe8 Rxe8 34. g3 Rf7 35. Qd4 Rd7 36. Qa4 Bd5+ 37. Kxh2 Bc5 38. Bb2 Bg2 39.
Re1 Rd2 40. Bc3 Rxf2 41. Kg1 Rxe3 42. Rd1 Rf1+ 43. Kh2 Rxd1 44. Qxd1 Rxc3
45. Qd7+ Kb8 46. Qe8+ Ka7 47. Qf7+ Bb7 48. Kxh3 Rb3 49. Qxb3 Be4 50. Qa2+
Kb7 51. Qa6+ Kc7 52. Qa7+ Kd6 53. Qb8+ Kd5 54. Qd8+ Kc4 55. Qd7 Kb4 56. Kh4
Kc4 57. Kg5 Bc2 58. Kf4 Bd3 59. g4 fxg4 60. Kxg4 Bc2 61. Kf3 Ba4 62. Ke4
Bxb5 63. Qd5+ Kb4 64. Qd2+ Ka4 65. Qc2+ Kb4 66. Kd5 Ba4 67. Qb2+ Bb3+ 68.
Kc6 Kc4 69. Qc1+ Kb4 70. Qd2+ Ka4 71. Qc3 Ka3 72. Qa1+ Kb4 73. Qe1+ Ka3 74.
Kb5 Ba4+ 75. Ka6 b5 76. Qc1+ Kb4 77. Qf4+ Kc3 78. Qc1+ Kb4 79. Qb2+ Kc4 80.
Qc1+ Kb4 81. Qd2+ Kc4 82. Qc1+ Kd4 83. Qg1+ Kc4 84. Qg4+ Kc3 85. Ka5 Bd4 86.
Qf3+ Kc4 87. Qc6+ Bc5 88. Qe4+ Bd4 89. Qg4 Kc5 90. Qf3 Kc4 91. Qe2+ Kc5 92.
Qh5+ Kc4 93. Qf7+ Kc3 94. Qd5 Kd3 95. Kb4 Ke3 96. Qg5+ Ke4
{Game drawn by mutual agreement}
1/2-1/2

[Event "ICC tourney 1904 (10 3)"]
[Site "Internet Chess Club"]
[Date "2020.07.05"]
[Round "9"]
[White "imranchamp"]
[Black "ChessMonkey123"]
[Result "0-1"]
[ICCResult "White checkmated"]
[WhiteElo "1194"]
[BlackElo "1351"]
[Opening "Giuoco Pianissimo"]
[ECO "C50"]
[NIC "IG.02"]
[Time "16:49:40"]
[TimeControl "600+3"]

1. e4 e5 2. Nf3 Nc6 3. Bc4 Bc5 4. d3 h6 5. O-O d6 6. c3 Nf6 7. Nbd2 O-O 8.
h3 Be6 9. Bb5 Bd7 10. Ba4 d5 11. exd5 Nxd5 12. Bc2 Re8 13. Re1 Nf4 14. Ne4
Bb6 15. Nxe5 Nxh3+ 16. gxh3 Nxe5 17. Kh2 Qh4 18. Be3 Qxh3+ 19. Kg1 Nf3+ 20.
Qxf3 Qxf3 21. Bxb6 Bh3 22. Nf6+ gxf6 23. Rxe8+ Rxe8 24. Bxc7 Qg2#
{White checkmated}
0-1

[Event "ICC tourney 1904 (10 3)"]
[Site "Internet Chess Club"]
[Date "2020.07.05"]
[Round "9"]
[White "CheddarCheng1"]
[Black "TheOrcaPro"]
[Result "1-0"]
[ICCResult "Black resigns"]
[WhiteElo "1355"]
[BlackElo "1420"]
[Opening "French: advance, Euwe variation"]
[ECO "C02"]
[NIC "FR.03"]
[Time "16:49:39"]
[TimeControl "600+3"]

1. e4 e6 2. d4 d5 3. e5 c5 4. c3 Nc6 5. Nf3 Bd7 6. Be2 Rc8 7. a3 cxd4 8.
cxd4 Nge7 9. b4 Nf5 10. Bb2 a6 11. O-O Be7 12. Nc3 O-O 13. Na4 Qc7 14. Nc5
Bxc5 15. bxc5 Na7 16. a4 Rfd8 17. Nd2 Nc6 18. Nb3 Na5 19. Nxa5 Qxa5 20. f4
Qb4 21. Bc1 Qxa4 22. Rxa4 {Black resigns} 1-0